 Dungeon Crawl Stone Soup version 0.27-a0-1302-g7736ffe575 (webtiles) character file.

Game seed: 8198753992572706338

7735 Kinoniko the Severer (level 11, -9/99 HPs)
             Began as a Minotaur Berserker on June 18, 2021.
             Was a High Priest of Trog.
             Mangled by a skeletal warrior (14 damage)
             ... led by a death knight
             ... on level 9 of the Dungeon.
             The game lasted 00:08:04 (9287 turns).

Kinoniko the Severer (Minotaur Berserker)           Turns: 9287, Time: 00:08:05

Health: -9/99      AC: 12    Str: 28    XL:     11   Next: 0%
Magic:  10/10      EV:  4    Int:  1    God:    Trog [*****.]
Gold:   556        SH: 13    Dex: 11    Spells: 10/10 levels left

rFire    + . .     SeeInvis .   r - +10 broad axe "Yvakk" {vorpal, rN+ Str+6 Int-5}
rCold    . . .     Faith    .   M - +0 tower shield
rNeg     + . .     Spirit   .   v - +0 chain mail
rPois    .         Reflect  .   (helmet restricted)
rElec    .         Harm     .   E - +0 cloak
rCorr    .         Rampage  .   w - +0 pair of gloves
Will     .....                  J - +0 pair of boots
Stlth    ..........             I - amulet of the acrobat
HPRegen  0.26/turn              k - ring of flight
MPRegen  0.12/turn              F - ring of protection from fire

@: weak-willed, on berserk cooldown, flying, slowed, very slow
A: horns 2, retaliatory headbutt
a: Renounce Religion, Berserk, Trog's Hand, Brothers in Arms


You were on level 9 of the Dungeon.
You worshipped Trog.
Trog was extremely pleased with you.
You visited 1 branch of the dungeon, and saw 9 of its levels.

You collected 556 gold pieces.

Inventory:

Hand Weapons
 a - a +0 hand axe
 n - a +0 war axe
 r - the +10 broad axe "Yvakk" (weapon) {vorpal, rN+ Str+6 Int-5}
   (You acquired it on level 6 of the Dungeon)

   It inflicts extra damage upon your enemies.
   It affects your strength (+6).
   It affects your intelligence (-5).
   It protects you from negative energy.
 u - the +3 whip "Piot" {freeze, rElec}
   (You found it on level 4 of the Dungeon)

   It has been specially enchanted to freeze those struck by it, causing extra
   injury to most foes and up to half again as much damage against particularly
   susceptible opponents.
   It can also slow down cold-blooded creatures.
   It insulates you from electricity.
Missiles
 f - 6 atropa-tipped darts
 B - 6 silver javelins
 G - a throwing net
Armour
 b - a +0 animal skin
 h - a +0 ring mail
 v - a +0 chain mail (worn)
 w - a +0 pair of gloves (worn)
 E - a +0 cloak (worn)
 J - a +0 pair of boots (worn)
 M - a +0 tower shield (worn)
Jewellery
 j - a ring of fire
 k - a ring of flight (left hand)
 p - a ring of protection from fire
 F - a ring of protection from fire (right hand)
 I - an amulet of the acrobat (around neck)
Wands
 s - a wand of polymorph (25)
 A - a wand of iceblast (17)
 C - a wand of digging (15)
 D - a wand of flame (40)
Scrolls
 c - 5 scrolls of teleportation
 e - 4 scrolls of immolation
 i - a scroll of fog
 o - a scroll of brand weapon
 q - a scroll of fear
 y - a scroll of noise
 z - 3 scrolls of enchant weapon
 K - 2 scrolls of amnesia
 N - a scroll of acquirement
 O - a scroll of vulnerability {unknown}
 P - 3 scrolls of identify
Potions
 d - 2 potions of lignification {unknown}
 g - 6 potions of curing {unknown}
 l - 3 potions of flight {unknown}
 m - a potion of berserk rage {unknown}
 t - a potion of might {unknown}
 x - 2 potions of haste
 H - 4 potions of heal wounds {unknown}
 Q - a potion of invisibility {unknown}
 R - a potion of resistance {unknown}


   Skills:
 + Level 9.6 Fighting
 * Level 17.1 Axes
 - Level 2.4 Armour
 - Level 2.1 Dodging


You had 10 spell levels left.
You didn't know any spells.
Your spell library was empty.

Dungeon Overview and Level Annotations

Branches:
Dungeon (9/15)             Temple (0/1) D:5            Lair (0/6) D:9
    Orc (0/2) D:9

Altars:
Dithmenos
Hepliaklqana
Kikubaaqudgha
Okawaru
Ru
Wu Jian
Yredelemnul
Zin
The Shining One
Beogh

Annotations:
D:4 3 runed translucent doors, sm0rk's ghost, amateur DsWn


Innate Abilities, Weirdness & Mutations

You have a pair of horns on your head.
You reflexively headbutt those who attack you in melee.


Message History

The death knight hits you with a +0 morningstar!!
You slice the death knight!! You headbutt the death knight!
The death knight is moderately wounded.
A skeletal warrior comes into view. It is wielding a +0 battleaxe.
The death knight hits you with a +0 morningstar.
You slice the death knight!!
The death knight is severely wounded.
You slice the death knight!!
The death knight is almost dead.
You barely miss the wraith.
You are no longer berserk.
You are exhausted.
You feel yourself slow down. You block the death knight's attack.
The wraith hits you! The wraith drains your vigour!
You feel as though you will be slow longer.
A wraith comes into view.
You slice the death knight!!
You kill the death knight!
Trog accepts your kill.
You slash the wraith! The wraith hits you but does no damage.
You have reached level 11!
You hit the wraith.
The wraith is heavily damaged.
You slash the skeletal warrior!
The skeletal warrior hits you with a +0 battleaxe!
The wraith hits you.
The skeletal warrior hits you with a +0 battleaxe!!
* * * LOW HITPOINT WARNING * * *
The wraith hits you!
* * * LOW HITPOINT WARNING * * *
The wraith hits you but does no damage.
You are too injured to fight recklessly!
You are too injured to fight recklessly!
Unknown command.
Unknown command.
Okay, then.
As you read the scroll labelled NIESYHIBE XOME, it crumbles to dust.
You feel a surge of unholy energy.
It was a scroll of torment.
The skeletal warrior hits you with a +0 battleaxe!
You die...
P.P ########..# .PP ..........# .PP

..........# P..
.##'#####.#### ....#
####.#. #..(.. ..#.#
...'.# #..... #. .#
#..#.# #..### ###.#
#zW#.# #..# ....#####.
#@W#.########..#
..........
#..#...........#
..........
#..#...######..#
.......... #..'...#
#..## ##........
.......#...# #...#
...####... .......#...#
#...# ##....# ##
#..#####...# #...#
##....# ...####.......#
#.).#
#.....#...........)...#
#...#


You could see a skeletal warrior and 2 wraiths.

Vanquished Creatures
  A death knight (D:9)
  Pikel (D:5)
  A phantasmal warrior (D:9)
  Joseph (D:7)
  A yak (D:9)
  Eustachio (D:4)
  3 wyverns
  Menkaure (D:5)
  Edmund (D:4)
  An acid dragon (D:9)
  A water moccasin (D:9)
  8 orc warriors
  3 black bears
  A hornet zombie (D:7)
  2 necrophages (D:6)
  2 ogres
  2 lemures (D:5)
  2 centaurs (D:6)
  2 phantoms (D:6)
  A kobold brigand (D:8)
  2 gnoll sergeants
  7 bullfrogs
  2 scorpions
  A wyvern zombie (D:7)
  10 killer bees (D:9)
  4 howler monkeys
  2 bullfrog zombies (D:7)
  5 centaur zombies
  2 hounds (D:6)
  4 jellies
  3 centaur skeletons
  6 orc priests
  Crazy Yiuf (D:5)
  Natasha (thrice) (D:4)
  2 iguanas
  5 orc wizards
  A killer bee zombie (D:7)
  2 howler monkey zombies (D:7)
  4 adders
  6 gnolls
  A shadow imp (D:7)
  5 white imps
  An ufetubus (D:5)
  3 worms (D:3)
  5 dart slugs
  22 orcs
  7 endoplasms
  3 giant cockroaches (D:1)
  3 goblins
  6 hobgoblins
  9 kobolds
  4 quokkas
  6 ball pythons
  3 bats
  3 frilled lizards
  4 rats
193 creatures vanquished.

Vanquished Creatures (others)
  28 fungi (D:9)
  24 plants (D:9)
52 creatures vanquished.

Grand Total: 245 creatures vanquished

Notes
Turn   | Place    | Note
-------+----------+-------------------------------------------
     0 | D:1      | Kinoniko the Minotaur Berserker began the quest for the
                  | Orb.
     0 | D:1      | Reached XP level 1. HP: 19/19 MP: 0/0
   151 | D:1      | Found a faded altar of an unknown god.
   311 | D:1      | Reached skill level 4 in Axes
   512 | D:1      | Reached XP level 2. HP: 25/26 MP: 1/1
   923 | D:1      | Reached skill level 5 in Axes
  1196 | D:2      | Reached XP level 3. HP: 26/31 MP: 2/2
  1287 | D:2      | HP: 1/31 [poisoned by an adder]
  2051 | D:3      | Reached skill level 6 in Axes
  2051 | D:3      | Reached XP level 4. HP: 39/39 MP: 3/3
  2538 | D:3      | Reached ** piety under Trog
  2879 | D:3      | Found an ornate altar of the Wu Jian Council.
  3314 | D:4      | Identified the +3 whip "Piot" {freeze, rElec}
  3320 | D:4      | Noticed a scorpion
  3331 | D:4      | Killed a scorpion
  3332 | D:4      | Reached skill level 7 in Axes
  3332 | D:4      | Reached XP level 5. HP: 45/45 MP: 4/4
  3377 | D:4      | Noticed Edmund
  3384 | D:4      | Killed Edmund
  3385 | D:4      | Reached skill level 8 in Axes
  3385 | D:4      | Reached XP level 6. HP: 51/51 MP: 5/5
  3501 | D:4      | Found a shadowy altar of Dithmenos.
  3622 | D:4      | Noticed sm0rk's ghost (amateur DsWn)
  3632 | D:4      | Found a runed translucent gate.
  3633 | D:4      | Found a runed translucent gate.
  3653 | D:4      | Found a runed translucent gate.
  3804 | D:4      | Noticed Eustachio
  3813 | D:4      | Killed Eustachio
  3814 | D:4      | Reached skill level 9 in Axes
  4102 | D:4      | Noticed Natasha
  4106 | D:4      | Killed Natasha
  4107 | D:4      | Reached XP level 7. HP: 51/57 MP: 6/6
  4441 | D:4      | Noticed Natasha
  4446 | D:4      | Killed Natasha
  4510 | D:4      | Noticed Natasha
  4515 | D:4      | Killed Natasha
  4516 | D:4      | Reached skill level 10 in Axes
  4585 | D:4      | Found a glowing silver altar of Zin.
  4702 | D:5      | Entered Level 5 of the Dungeon
  4795 | D:5      | Found a staircase to the Ecumenical Temple.
  4830 | D:5      | Noticed Pikel
  4838 | D:5      | Killed Pikel
  4839 | D:5      | Reached skill level 11 in Axes
  4839 | D:5      | Reached XP level 8. HP: 64/64 MP: 7/7
  4959 | D:5      | Reached skill level 12 in Axes
  5019 | D:5      | Noticed Menkaure
  5022 | D:5      | Reached *** piety under Trog
  5026 | D:5      | Killed Menkaure
  5208 | D:5      | Found a sacrificial altar of Ru.
  5481 | D:5      | Found a runed translucent door.
  5482 | D:5      | Noticed Crazy Yiuf
  5619 | D:5      | Killed Crazy Yiuf
  5739 | D:6      | Reached skill level 13 in Axes
  6043 | D:6      | Reached XP level 9. HP: 56/72 MP: 8/8
  6322 | D:6      | Found a glowing golden altar of the Shining One.
  6397 | D:6      | Identified a scroll of acquirement
  6397 | D:6      | Acquired the +10 broad axe "Yvakk" {vorpal, rN+ Str+6
                  | Int-5}
  6465 | D:6      | Reached skill level 5 in Fighting
  6465 | D:6      | Reached skill level 14 in Axes
  6713 | D:7      | Noticed Joseph
  6721 | D:7      | Killed Joseph
  6749 | D:7      | Reached **** piety under Trog
  6845 | D:7      | Found a basalt altar of Yredelemnul.
  7023 | D:7      | Reached skill level 15 in Axes
  7131 | D:7      | Found an iron altar of Okawaru.
  7633 | D:8      | Found an ancient bone altar of Kikubaaqudgha.
  7736 | D:8      | Reached XP level 10. HP: 81/86 MP: 9/9
  8243 | D:9      | Found a hazy altar of Hepliaklqana.
  8367 | D:9      | Reached skill level 16 in Axes
  8370 | D:9      | Found a staircase to the Lair.
  9050 | D:9      | Reached ***** piety under Trog
  9132 | D:9      | Found a staircase to the Orcish Mines.
  9271 | D:9      | Noticed a phantasmal warrior
  9278 | D:9      | Killed a phantasmal warrior
  9278 | D:9      | Noticed a death knight
  9279 | D:9      | Reached skill level 17 in Axes
  9282 | D:9      | Noticed a skeletal warrior
  9285 | D:9      | Killed a death knight
  9286 | D:9      | Reached XP level 11. HP: 54/99 MP: 10/10
  9286 | D:9      | HP: 4/99 [wraith[a death knight] (7)]
  9287 | D:9      | Mangled by a skeletal warrior

Illustrated notes

Levels and vault maps discovered:
D:1:      wander_arrival_chamber, layout_loops_cross,
          hellmonk_ecumenical_altar_crossroads
D:2:      layout_rooms
D:3:      layout_rooms, nicolae_wu_jian_wuxing_cycle, minmay_misc_feat_columns,
          minmay_fractal_squares_diagonal_5
D:4:      layout_basic, amcnicky_altar_gilded, zin_treasury,
          gammafunk_ghost_split, uniq_natasha, uniq_eustachio, uniq_edmund
D:5:      layout_basic, nicolae_ru_sacrificial_ziggurat,
          minmay_temple_entry_arrows, uniq_crazy_yiuf_cottage, uniq_pikel,
          uniq_menkaure
D:6:      layout_cave_pools, kennysheep_mini, minmay_increasing_density
D:7:      layout_loops_ring, nicolae_yredelemnul_corpse_copse,
          general_overflow_altar, uniq_joseph
D:8:      layout_loops_ring, kiku_gazebo_garden_becter, minivault_25,
          solitary_fountain
D:9:      layout_irregular_city, nicolae_overflow_crystal_walls,
          due_lair_maze_entry_diamond, minmay_orc_entry_temple_small

Skill      XL: |  1  2  3  4  5  6  7  8  9 10 |
---------------+-------------------------------+-----
Axes           | 4 5 6 7 8 9 11 13 15 17 | 17.1
Fighting       | 4 7 9 |  9.6
Armour         | |  2.4
Dodging        | |  2.1

Action                   |  1- 3 |  4- 6 |  7- 9 | 10-12 || total
-------------------------+-------+-------+-------+-------++-------
Melee: Hand axe          |    76 |     9 |       |       ||    85
       Headbutt          |    15 |    16 |    30 |    11 ||    72
       War axe           |       |    69 |   118 |       ||   187
       Broad axe         |       |       |    66 |    83 ||   149
Invok: Berserk           |     2 |     4 |     7 |     5 ||    18
  Use: Scroll            |       |       |    10 |     1 ||    11
 Stab: Sleeping          |     1 |       |       |       ||     1
Armor: Animal skin       |    11 |       |       |       ||    11
       Ring mail         |    10 |     4 |       |       ||    14
       Chain mail        |       |    14 |    82 |    52 ||   148
Dodge: Dodged            |    43 |    37 |    70 |    28 ||   178
Block: Tower shield      |       |       |    14 |    54 ||    68

Table legend: (Time is in decaauts)
 A = Elapsed time spent in this place.
 B = Non-inter-level travel time spent in this place.
 C = Inter-level travel time spent in this place.
 D = Time resting spent in this place.
 E = Time spent auto-exploring this place.
 F = Levels seen in this place.
 G = Mean time per level.
                   A        B        C        D        E       F      G
               +--------+--------+--------+--------+--------+-----+--------+
         Total |   9473 |   9255 |    218 |   2051 |   6188 |   9 | 1052.6 |
       Dungeon |   9473 |   9255 |    218 |   2051 |   6188 |   9 | 1052.6 |
               +--------+--------+--------+--------+--------+-----+--------+

Top non-repeatable levels by time:
     D:4: 1483 daAuts
     D:3: 1286 daAuts
     D:1: 1192 daAuts
     D:9: 1158 daAuts
     D:5: 1046 daAuts
     D:6: 964 daAuts
     D:8: 838 daAuts
     D:2: 829 daAuts
     D:7: 674 daAuts
